 Dungeon Crawl Stone Soup version 0.28-a0-1429-gf3d713df7a (webtiles) character file.

Game seed: 15864048168697364913

19 HallandMoats the Skirmisher (level 2, -1/26 HPs)
             Began as a Ghoul Fighter on Jan 8, 2022.
             Was a Follower of Sif Muna.
             Slain by a goblin (2 damage)
             ... on level 1 of the Dungeon.
             The game lasted 00:00:36 (542 turns).

HallandMoats the Skirmisher (Ghoul Fighter)          Turns: 542, Time: 00:00:37

Health: -1/26      AC:  6    Str: 19    XL:     2   Next: 75%
Magic:  1/1        EV:  9    Int:  3    God:    Sif Muna [*.....]
Gold:   7          SH:  4    Dex:  8    Spells: 1/1 levels left

rFire   . . .      SeeInvis .   a - +0 flail
rCold   + . .      Faith    .   c - +0 buckler
rNeg    + + +      Spirit   .   b - +0 scale mail
rPois   ∞          Reflect  .   (no helmet)
rElec   .          Harm     .   (no cloak)
rCorr   .          Rampage  .   (no gloves)
Will    .....                   (no boots)
Stlth   ..........              (no amulet)
HPRegen 0.00/turn               (no ring)
MPRegen 0.07/turn               (no ring)

@: inhibited regen
A: claws 1, cold resistance 1, negative energy resistance 3, inhibited
regeneration, torment resistance 2
a: Renounce Religion, Channel Magic


You were on level 1 of the Dungeon.
You worshipped Sif Muna.
Sif Muna was aware of your devotion.
You visited 1 branch of the dungeon, and saw 1 of its levels.

You collected 7 gold pieces.

Inventory:

Hand Weapons
 a - a +0 flail (weapon)
Armour
 b - a +0 scale mail (worn)
 c - a +0 buckler (worn)
Scrolls
 f - a scroll of blinking {unknown}
 g - a scroll of identify {unknown}
 h - a scroll of holy word {unknown}
Potions
 d - a potion of might
 e - a potion of curing {unknown}


   Skills:
 + Level 3.5 Fighting
 + Level 2.1 Maces & Flails
 + Level 2.9 Armour
 + Level 2.9 Shields


You had one spell level left.
You didn't know any spells.
Your spell library was empty.

Dungeon Overview and Level Annotations

Branches:
Dungeon (1/15)

Altars:
Sif Muna


Innate Abilities, Weirdness & Mutations

You thrive by killing the living.
You are immune to poison.
You have sharp fingernails.
Your flesh is cold resistant. (rC+)
You are immune to negative energy. (rN+++)
You do not regenerate when monsters are visible.
You are immune to unholy pain and torment.


Message History

The goblin hits you with a +0 club.
The hobgoblin hits you but does no damage.
The goblin closely misses you. You block the hobgoblin's attack.
The goblin hits you with a +0 club.
The hobgoblin hits you but does no damage.
The goblin hits you but does no damage. The hobgoblin closely misses you.
The goblin hits you but does no damage.
The hobgoblin hits you but does no damage.
The goblin hits you but does no damage. The hobgoblin hits you.
The goblin hits you with a +0 club. The hobgoblin closely misses you.
The goblin hits you but does no damage.
The hobgoblin hits you but does no damage.
The goblin closely misses you. The hobgoblin hits you.
You block the goblin's attack. The hobgoblin hits you.
The goblin hits you but does no damage.
The hobgoblin hits you but does no damage.
The goblin hits you but does no damage. The hobgoblin hits you.
The goblin hits you with a +0 club.
* * * LOW HITPOINT WARNING * * *
The hobgoblin hits you but does no damage.
The goblin barely misses you. You block the hobgoblin's attack.
The goblin misses you.
The hobgoblin hits you but does no damage.
The goblin hits you with a +0 club.
* * * LOW HITPOINT WARNING * * *
The hobgoblin closely misses you. The goblin hits you but does no damage.
The hobgoblin hits you.
* * * LOW HITPOINT WARNING * * *
The goblin hits you with a +0 club.
* * * LOW HITPOINT WARNING * * *
You block the hobgoblin's attack. The goblin hits you but does no damage.
The hobgoblin hits you but does no damage.
The goblin misses you.
The hobgoblin hits you but does no damage.
The goblin hits you with a +0 club.
* * * LOW HITPOINT WARNING * * *
The hobgoblin hits you but does no damage.
The goblin hits you with a +0 club.
You die...

.............#####.
#...÷.###........
#......)..######.
#####......#### ##
..........## #
.........÷## .
##.##.##......######
....#..#g..#.###.......###
........g@...# ###.###....
.......#...#.## #...####.
.....#.##.##..# ###.####.
...:#........######...###
#...##...........##..##
###).#.########....#..#
##...# ##....##.#
##...######.##....##..
#......)....####.#####


You could see a hobgoblin and a goblin.

Vanquished Creatures
  A dart slug (D:1)
  2 endoplasms (D:1)
  A giant cockroach (D:1)
  A hobgoblin (D:1)
  3 jackals (D:1)
  2 kobolds (D:1)
  A quokka (D:1)
  A ball python (D:1)
  A bat (D:1)
  3 frilled lizards (D:1)
16 creatures vanquished.

Notes
Turn   | Place    | Note
-------+----------+-------------------------------------------
     0 | D:1      | HallandMoats the Ghoul Fighter began the quest for the Orb.
     0 | D:1      | Reached XP level 1. HP: 19/19 MP: 0/0
   216 | D:1      | Reached XP level 2. HP: 19/26 MP: 1/1
   476 | D:1      | Found a faded altar of an unknown god.
   516 | D:1      | Prayed at the altar of an unknown god.
   516 | D:1      | Became a worshipper of Sif Muna the Loreminder
   516 | D:1      | Reached * piety under Sif Muna
   541 | D:1      | HP: 1/26 [goblin (2)]
   542 | D:1      | Slain by a goblin

Illustrated notes

Levels and vault maps discovered:
D:1:      nzn_arrival_depleted_hourglass, layout_rooms,
          ebering_ecumenical_altar_box

Skill      XL: |  1  2 |
---------------+-------+-----
Maces & Flails | 2 |  2.1
Fighting       | |  3.5
Armour         | |  2.9
Shields        | |  2.9

Action                   || total
-------------------------++-------
Melee: Flail             ||    38
Armor: Scale mail        ||    48
Dodge: Dodged            ||    33
Block: Buckler           ||    16

Table legend: (Time is in decaauts)
 A = Elapsed time spent in this place.
 B = Non-inter-level travel time spent in this place.
 C = Inter-level travel time spent in this place.
 D = Time resting spent in this place.
 E = Time spent auto-exploring this place.
 F = Levels seen in this place.
 G = Mean time per level.
                   A        B        C        D        E       F      G
               +--------+--------+--------+--------+--------+-----+--------+
         Total |    555 |    555 |      0 |     87 |    340 |   1 |  555.0 |
       Dungeon |    555 |    555 |      0 |     87 |    340 |   1 |  555.0 |
               +--------+--------+--------+--------+--------+-----+--------+

Top non-repeatable levels by time:
     D:1: 555 daAuts
